 Dungeon Crawl Stone Soup version 0.21.0-37-g46506fa5f3 (webtiles) character file.

10956 GuyWithAPlan the Peltast (level 11, 0/54 HPs)
             Began as a Tengu Air Elementalist on Feb 1, 2018.
             Was an Elder of Vehumet.
             Slain by an unseen horror (10 damage)
             ... on level 10 of the Dungeon.
             The game lasted 00:46:54 (11336 turns).

GuyWithAPlan the Peltast (Tengu Air Elementalist)  Turns: 11336, Time: 00:46:54

Health: 0/54       AC:  8    Str:  9    XL:     11   Next: 70%
Magic:  12/18      EV:  8    Int: 25    God:    Vehumet [****..]
Gold:   434        SH: 31    Dex: 14    Spells: 3/18 levels left

rFire    . . .     SeeInvis .   I - +3 flail (protect)
rCold    . . .     Gourm    .   E - +18 shield of the Gong {rElec rN+ MR+ EV-5}
rNeg     + . .     Faith    .   P - +0 troll leather armour
rPois    .         Spirit   .   (helmet restricted)
rElec    +         Reflect  .   f - +0 cloak
rCorr    .         Harm     .   B - +1 pair of gloves
MR       +....                  (boots unavailable)
Stlth    ++........             o - amulet of magic regeneration
HPRegen  0.58/turn              y - +6 ring of intelligence
MPRegen  0.41/turn              (no ring)

@: flying quickly and evasively, quick
A: beak, talons 3, able to fly 1
a: Renounce Religion


You were on level 10 of the Dungeon.
You worshipped Vehumet.
Vehumet was greatly pleased with you.
You were not hungry.

You visited 2 branches of the dungeon, and saw 11 of its levels.
You also visited: Sewer.

You collected 434 gold pieces.

Inventory:

Hand Weapons
 e - a +0 club
 q - a +0 blowgun
 A - a +0 dagger of electrocution
 C - a +0 dagger of flaming
 I - a +3 flail of protection (weapon)
 S - a +0 blowgun
Missiles
 r - 72 poisoned needles
 L - a throwing net (quivered)
 R - 6 curare-tipped needles
Armour
 a - a +0 robe
 f - a +0 cloak (worn)
 l - a +0 leather armour
 n - a +0 buckler
 B - a +1 pair of gloves (worn)
 E - the +18 shield of the Gong (worn) {rElec rN+ MR+ EV-5}
   (You found it on level 5 of the Dungeon)

   It affects your evasion (-5).
   It insulates you from electricity.
   It protects you from negative energy.
   It affects your resistance to hostile enchantments.
 K - a +0 scale mail
 N - a +0 robe of magic resistance
 P - a +0 troll leather armour (worn)
Jewellery
 o - an amulet of magic regeneration (around neck)
 y - a +6 ring of intelligence (left hand)
Wands
 D - a wand of iceblast (15)
 G - a wand of flame (19)
 H - a wand of random effects (15)
 M - a wand of polymorph (19)
 Q - a wand of disintegration (15)
Scrolls
 d - 4 scrolls of amnesia
 g - 6 scrolls of teleportation
 j - 5 scrolls of remove curse
 w - a scroll of enchant armour
 F - 3 scrolls of random uselessness
 U - a scroll of fear
Potions
 h - a potion of curing
 i - a potion of berserk rage
 k - 4 potions of flight
 m - a potion of haste
 t - a potion of heal wounds {unknown}
 u - a potion of cancellation
 v - 2 potions of lignification {unknown}
 z - a potion of experience {unknown}
 J - a potion of might {unknown}
 O - a potion of degeneration {unknown}
Books
 b - a book of Air

   Spells                             Type                      Level
   a - Shock                          Conjuration/Air              1
   b - Swiftness                      Charms/Air                   2
   c - Static Discharge               Conjuration/Air              3
   d - Airstrike                      Air                          4
   e - Lightning Bolt                 Conjuration/Air              5
 p - a book of Cantrips

   Spells                             Type                      Level
   a - Confusing Touch                Hexes                        1
   b - Animate Skeleton               Necromancy                   1
   c - Summon Small Mammal            Summoning                    1
   d - Apportation                    Translocation                1
 s - a book of Frost

   Spells                             Type                      Level
   a - Freeze                         Ice                          1
   b - Throw Frost                    Conjuration/Ice              2
   c - Ozocubu's Armour               Charms/Ice                   3
   d - Throw Icicle                   Conjuration/Ice              4
   e - Summon Ice Beast               Ice/Summoning                4
 x - a book of Misfortune

   Spells                             Type                      Level
   a - Confusing Touch                Hexes                        1
   b - Confuse                        Hexes                        3
   c - Gell's Gravitas                Translocation                3
   d - Petrify                        Transmutation/Earth          4
   e - Metabolic Englaciation         Hexes/Ice                    5
   f - Yara's Violent Unravelling     Hexes/Transmutation          5
Comestibles
 c - 20 rations
 T - 9 chunks of flesh


   Skills:
 + Level 3.8 Armour
 - Level 2.1 Dodging
 - Level 2.0 Stealth
 - Level 15.0 Shields
 - Level 4.0 Spellcasting
 - Level 5.0 Conjurations
 - Level 9.1 Air Magic


You had 3 spell levels left.
You knew the following spells:

 Your Spells              Type           Power        Failure   Level  Hunger
a - Shock                 Conj/Air       ####         1%          1    None
b - Airstrike             Air            ######....   1%          4    ####...
c - Swiftness             Chrm/Air       ####....     2%          2    None
d - Mephitic Cloud        Conj/Pois/Air  ####....     1%          3    ##.....
e - Lightning Bolt        Conj/Air       #####.....   5%          5    #####..


Dungeon Overview and Level Annotations

Branches:
Dungeon (10/15)            Temple (1/1) D:4            Lair (0/6) D:9
    Orc: D:9-12

Altars:
Cheibriados
Elyvilon
Gozag
Hepliaklqana
Nemelex Xobeh
Sif Muna
Uskayaw
Vehumet
Wu Jian
Xom

Annotations:
D:8 Snorg
D:9 Erica


Innate Abilities, Weirdness & Mutations

You have a beak for a mouth.
You have claws for feet.
You can fly.


Message History

The zap hits something.
Something hits you. Something hits you but does no damage.
Casting: Shock
Confirm with . or Enter, or press ? or * to list all spells.
Aiming: Shock
Press: ? - help, Shift-Dir - straight line Something hits you!
Something hits you.
* * * LOW HITPOINT WARNING * * *
Something hits you but does no damage.
Casting: Shock
Confirm with . or Enter, or press ? or * to list all spells.
Aiming: Shock
Press: ? - help, Shift-Dir - straight line The zap hits something.
You block something's attack.
BOUMMMMG!
Something hits you.
* * * LOW HITPOINT WARNING * * *
You hear an angry hiss.
Something hits you!
You die...

#..........# ## #....≈≈....#
#. ###...≈≈≈≈.≈.# #.
#....≈≈≈≈≈≈..# #.
#.....≈≈≈≈≈≈.# ###.
#....≈≈≈≈≈≈..# #..>
#......≈≈≈...# #########...
#........≈≈..####......†....
#.......)..@.(>))<..........
#.....'......####...........
#.....######## #....8......
#.....# #..(........ #.....#
#........... ####'##
#........... #..#
#...######## ##.## ##### #.
#..# #.


There were no monsters in sight!

Vanquished Creatures
  3 two-headed ogres
  The ghost of Noxor the Conjurer, a novice HuCj of Ashenzari (D:9)
  Sonja (D:10)
  Nergalle (D:10)
  The ghost of moonlyer the Thaumaturge, a novice DEWz of Vehumet (D:8)
  A cyclops (D:9)
  A troll (D:9)
  A polar bear (D:10)
  A wyvern (D:10)
  7 yaks
  3 porcupines
  Duvessa (D:5)
  2 orc warriors
  4 ice beasts
  2 sky beasts
  2 black bears
  A necrophage (D:8)
  A phantom (D:6)
  5 ogres
  The ghost of Fascinator the Skirmisher, an amateur DsFi (D:3)
  3 centaurs
  A wolf (D:10)
  4 crocodiles (D:9)
  Blork the orc (D:5)
  A big kobold (Sewer)
  4 bullfrogs
  Dowan (D:5)
  4 scorpions
  A howler monkey (D:9)
  7 crimson imps
  A centaur zombie (D:8)
  A quasit (D:7)
  3 centaur skeletons
  A gnoll shaman (D:7)
  A jelly (D:9)
  4 orc priests
  A hound (D:10)
  15 orc wizards
  An iguana (D:9)
  3 worker ants
  A killer bee zombie (D:5)
  A hound skeleton (D:6)
  Robin (D:2)
  2 worker ant zombies
  8 gnolls
  7 adders
  3 shadow imps
  3 white imps (D:10)
  3 oozes
  2 adder zombies
  An adder skeleton (D:7)
  5 worms
  3 dart slugs
  An adder simulacrum (D:10)
  3 leopard geckos
  40 orcs
  3 ball pythons
  6 giant cockroaches
  9 hobgoblins
  19 jackals
  10 kobolds
  4 quokkas
  7 bats
  3 frilled lizards
  17 goblins
  A quokka skeleton (D:4)
  A quokka zombie (D:5)
  6 rats
268 creatures vanquished.

Vanquished Creatures (others)
  A fungus (D:9)
  8 plants (D:9)
9 creatures vanquished.

Grand Total: 277 creatures vanquished

Notes
Turn   | Place    | Note
-------+----------+-------------------------------------------
     0 | D:1      | GuyWithAPlan the Tengu Air Elementalist began the quest for the Orb.
     0 | D:1      | Reached XP level 1. HP: 10/10 MP: 4/4
    95 | D:1      | Reached XP level 2. HP: 13/15 MP: 0/6
   222 | D:1      | Reached skill level 5 in Air Magic
   636 | D:1      | Reached XP level 3. HP: 19/19 MP: 2/7
  1902 | D:2      | Reached XP level 4. HP: 24/24 MP: 1/8
  1973 | D:2      | Reached skill level 1 in Shields
  2023 | D:2      | Noticed Robin
  2032 | D:2      | Killed Robin
  2398 | D:3      | Gained mutation: You can fly. [Tengu growth]
  2398 | D:3      | Reached XP level 5. HP: 28/28 MP: 5/9
  2432 | D:3      | Noticed Fascinator's ghost (amateur DsFi)
  2437 | D:3      | Reached skill level 5 in Conjurations
  2457 | D:3      | Killed Fascinator's ghost
  2457 | D:3      | Reached skill level 3 in Shields
  2502 | D:3      | Reached XP level 6. HP: 12/32 MP: 7/10
  2662 | D:3      | Found a glowing drain.
  2694 | Sewer    | Entered a sewer
  2800 | Sewer    | Reached skill level 4 in Shields
  2841 | Sewer    | Found a glowing silver altar of Zin.
  3567 | D:4      | Found a staircase to the Ecumenical Temple.
  3754 | Temple   | Entered the Ecumenical Temple
  3799 | Temple   | Became a worshipper of Vehumet
  4017 | D:5      | Entered Level 5 of the Dungeon
  4104 | D:5      | Reached XP level 7. HP: 36/36 MP: 7/11
  4229 | D:5      | Learned a level 4 spell: Airstrike
  4277 | D:5      | Found the +18 shield of the Gong {rElec rN+ MR+ EV-5}
  4321 | D:5      | Noticed Blork the orc
  4524 | D:5      | Noticed Duvessa
  4845 | D:5      | Noticed Dowan
  4848 | D:5      | Killed Duvessa
  4848 | D:5      | Reached XP level 8. HP: 32/41 MP: 3/12
  4848 | D:5      | Killed Dowan
  4998 | D:5      | Killed Blork the orc
  5074 | D:5      | Reached * piety under Vehumet
  5074 | D:5      | Offered knowledge of Sting by Vehumet.
  5251 | D:5      | Reached skill level 5 in Shields
  5561 | D:6      | Reached skill level 6 in Shields
  5981 | D:5      | Reached skill level 7 in Shields
  6094 | D:6      | Reached XP level 9. HP: 44/45 MP: 10/16
  6312 | D:6      | Reached skill level 8 in Shields
  6608 | D:6      | Learned a level 2 spell: Swiftness
  6770 | D:7      | Reached ** piety under Vehumet
  6770 | D:7      | Offered knowledge of Magic Dart by Vehumet.
  6867 | D:7      | Reached skill level 9 in Shields
  7699 | D:8      | Noticed moonlyer's ghost (novice DEWz)
  7736 | D:8      | Killed moonlyer's ghost
  7736 | D:8      | Reached skill level 10 in Shields
  8053 | D:8      | Reached XP level 10. HP: 50/50 MP: 4/17
  8227 | D:8      | Reached skill level 11 in Shields
  8361 | D:8      | Offered knowledge of Mephitic Cloud by Vehumet.
  8371 | D:8      | Learned a level 3 spell: Mephitic Cloud
  8771 | D:9      | Noticed a cyclops
  8804 | D:9      | Killed a cyclops
  8861 | D:9      | Noticed a two-headed ogre
  8940 | D:8      | Killed a two-headed ogre
  8940 | D:8      | Reached skill level 12 in Shields
  8997 | D:9      | Reached *** piety under Vehumet
  9000 | D:9      | Noticed a two-headed ogre
  9050 | D:8      | Killed a two-headed ogre
  9050 | D:8      | Reached skill level 13 in Shields
  9349 | D:9      | Reached XP level 11. HP: 54/54 MP: 16/18
  9351 | D:9      | Noticed Erica
  9679 | D:9      | Reached skill level 14 in Shields
  9680 | D:9      | Noticed Noxor's ghost (novice HuCj)
  9692 | D:8      | Learned a level 5 spell: Lightning Bolt
  9844 | D:9      | Found a staircase to the Lair.
  9851 | D:9      | Found a hazy altar of Hepliaklqana.
 10358 | D:9      | Killed Noxor's ghost
 10358 | D:9      | Offered knowledge of Fulminant Prism by Vehumet.
 10418 | D:10     | Entered Level 10 of the Dungeon
 10501 | D:10     | Noticed Snorg
 10501 | D:10     | Noticed Sonja
 10736 | D:10     | Noticed Nergalle
 10787 | D:10     | Killed Nergalle
 10863 | D:10     | Killed Sonja
 10863 | D:10     | Reached **** piety under Vehumet
 11020 | D:10     | Reached skill level 15 in Shields
 11051 | D:10     | Noticed a two-headed ogre
 11090 | D:10     | Killed a two-headed ogre
 11220 | D:10     | Offered knowledge of Ignite Poison by Vehumet.
 11336 | D:10     | Slain by an unseen horror

Skill      XL: |  1  2  3  4  5  6  7  8  9 10 11 |
---------------+----------------------------------+-----
Air Magic      | 5 6 9 |  9.1
Conjurations   | 2 3 4 5 |  5.0
Shields        | 1 3 4 7 10 13 15 | 15.0
Spellcasting   | 4 |  4.0
Armour         | 3 |  3.8
Dodging        | |  2.1
Stealth        | |  2.0

Action                   |  1- 3 |  4- 6 |  7- 9 | 10-12 || total
-------------------------+-------+-------+-------+-------++-------
Melee: Unarmed           |     2 |       |       |       ||     2
       Peck              |     3 |       |     1 |       ||     4
       Club              |    17 |       |       |       ||    17
       Kick              |     3 |       |     1 |     1 ||     5
       Dagger            |       |       |     2 |       ||     2
       Flail             |       |       |     2 |     5 ||     7
 Cast: Shock             |    86 |   159 |   317 |   319 ||   881
       Airstrike         |       |       |     3 |    21 ||    24
       Swiftness         |       |       |       |     2 ||     2
       Lightning Bolt    |       |       |       |     4 ||     4
 Abil: Fly               |       |     4 |    15 |    19 ||    38
  Use: Scroll            |       |     4 |     7 |     3 ||    14
       Potion            |       |     1 |     2 |       ||     3
 Stab: Sleeping          |     1 |       |       |       ||     1
  Eat: Chunk             |     5 |     9 |    15 |    11 ||    40
       Ration            |       |       |       |     2 ||     2
Armor: Robe              |     8 |       |       |       ||     8
       Leather armour    |    14 |     6 |    13 |    11 ||    44
       Troll leather arm |       |       |       |    26 ||    26
Dodge: Dodged            |    52 |    23 |    12 |    22 ||   109
Block: Buckler           |     4 |     6 |       |       ||    10
       Shield            |       |       |   120 |   330 ||   450
